 Dungeon Crawl Stone Soup version 0.27-a0-1188-g73eefd5def (webtiles) character file.

Game seed: 11945268196497729250

1295 rageheart7 the Fighter (level 8, -9/93 HPs)
             Began as an Ogre Gladiator on May 21, 2021.
             Mangled by a troll (10 damage)
             ... on level 6 of the Dungeon.
             The game lasted 00:10:14 (7788 turns).

rageheart7 the Fighter (Ogre Gladiator)             Turns: 7788, Time: 00:10:14

Health: -9/93      AC:  3    Str: 21    XL:     8   Next: 56%
Magic:  0/8        EV: 10    Int:  9    God:
Gold:   291        SH:  0    Dex: 10    Spells: 2/7 levels left

rFire    . . .     SeeInvis .   g - +3 scythe (vorpal)
rCold    + . .     Faith    .   (shield currently unavailable)
rNeg     . . .     Spirit   +   b - +0 robe
rPois    .         Reflect  .   c - +0 hat
rElec    .         Harm     .   (no cloak)
rCorr    +         Rampage  .   (gloves unavailable)
Will     .....                  (boots unavailable)
Stlth    +.........             f - amulet of guardian spirit
HPRegen  0.25/turn              i - ring of protection from cold
MPRegen  0.11/turn              j - ring of resist corrosion

@: no status effects
A: large, unfitting armour, tough skin 1
a: no special abilities


You were on level 6 of the Dungeon.
You visited 1 branch of the dungeon, and saw 6 of its levels.

You collected 291 gold pieces.

Inventory:

Hand Weapons
 a - a +0 flail
 g - a +3 vorpal scythe (weapon)
Missiles
 d - 4 throwing nets (quivered)
 h - 4 javelins
Armour
 b - a +0 robe (worn)
 c - a +0 hat (worn)
Jewellery
 f - an amulet of guardian spirit (around neck)
 i - a ring of protection from cold (left hand)
 j - a ring of resist corrosion (right hand)
 n - the ring "Cepp" {rPois rC- rCorr Int+6 Dex-4}
   (You found it on level 4 of the Dungeon)

   [ring of poison resistance]

   It affects your intelligence (+6).
   It affects your dexterity (-4).
   It makes you vulnerable to cold.
   It protects you from poison.
   It protects you from acid and corrosion.
Wands
 k - a wand of charming (8)
 q - a wand of digging (3)
Scrolls
 o - a scroll of silence
 p - a scroll of fear
Potions
 e - 2 potions of brilliance


   Skills:
 * Level 9.7 Fighting
 * Level 7.1 Maces & Flails
 - Level 2.0 Throwing
 - Level 2.6 Dodging


You had 2 spell levels left.
You knew the following spells:

 Your Spells              Type           Power      Damage    Failure   Level
a - Blink                 Tloc           N/A        N/A       52%         2
b - Portal Projectile     Hex/Tloc       0%         N/A       77%         3

Your spell library contained the following spells:

 Spells                   Type           Power      Damage    Failure   Level
 Corona                   Hex            0%         N/A       38%         1
 Magic Dart               Conj           0%         1d3       38%         1
 Call Imp                 Summ           0%         N/A       52%         2
 Slow                     Hex            0%         N/A       52%         2
 Conjure Flame            Conj/Fire      0%         6-21      77%         3
 Inner Flame              Hex/Fire       0%         N/A       77%         3
 Mephitic Cloud           Conj/Pois/Air  0%         N/A       77%         3
 Cause Fear               Hex            0%         N/A       99%         4
 Leda's Liquefaction      Hex/Erth       0%         N/A       99%         4


Dungeon Overview and Level Annotations

Branches:
Dungeon (6/15)
 Temple: D:4-7

Altars:
Ashenzari
Elyvilon
Hepliaklqana
Nemelex Xobeh
Sif Muna

Annotations:
D:3 3 runed translucent doors, leviel's ghost, amateur MiFi


Innate Abilities, Weirdness & Mutations

You are too large for most types of armour.
You have tough skin. (AC +1)


Message History

You closely miss the gnoll.
The gnoll is severely wounded.
The gnoll hits you with a +0 club.
* * * LOW HITPOINT WARNING * * *
The gnoll hits you with a +0 club!
* * * LOW HITPOINT WARNING * * *
You barely miss the gnoll.
The gnoll is severely wounded.
The gnoll barely misses you. The gnoll hits you with a +0 club!
* * * LOW HITPOINT WARNING * * *
Okay, then.
You closely miss the gnoll.
The gnoll is severely wounded.
You hear the slow rusting of a distant drain.
You are no longer corroded.
The gnoll hits you with a +0 club!
* * * LOW HITPOINT WARNING * * *
The gnoll shaman calls upon its god to speed up the gnoll.
The gnoll seems to speed up.
A gnoll comes into view. It is wielding a +0 whip.
The gnoll hits you but does no damage. The gnoll completely misses you.
The gnoll shouts!
The gnoll shaman calls upon its god to heal the gnoll.
The gnoll is healed somewhat.
The gnoll shaman calls upon its god to heal the gnoll.
The gnoll is healed somewhat.
A troll comes into view.
The troll shouts!
Found a potion of brilliance.
A black bear comes into view.
The black bear growls angrily.
A scorpion comes into view.
The gnoll shaman calls upon its god to speed up something.
The gnoll shaman calls upon its god to speed up the gnoll.
The gnoll seems to speed up.
There is a stone staircase leading up here.
The troll bites you!
* * * LOW HITPOINT WARNING * * *
The troll claws you!
You die...

### .. .#
###.# #(@.#
#T### #s# #g#
.# #.# #..#
#.##### #..#
.g #h#...
.... .J
#g#.######..#
##.
#.g.s>......#
#.g


You could see a troll, a black bear, a gnoll shaman, a scorpion and a gnoll
(fast).

Vanquished Creatures
  Sigmund (D:5)
  Eustachio (D:5)
  A water moccasin (D:4)
  A necrophage (D:5)
  A phantom (D:4)
  A scorpion (D:4)
  3 water moccasin zombies
  A wight (D:3)
  3 centaur zombies (D:4)
  A jelly (D:6)
  2 scorpion zombies (D:4)
  Terence (D:3)
  A hound zombie (D:4)
  2 hound skeletons (D:4)
  5 gnolls
  A howler monkey skeleton (D:4)
  5 adders
  An ufetubus (D:5)
  2 adder zombies (D:4)
  An adder skeleton (D:4)
  A worm (D:3)
  2 dart slugs
  3 orcs
  2 bats
  8 endoplasms
  8 giant cockroaches
  5 goblins
  6 hobgoblins
  10 jackals
  6 quokkas
  7 ball pythons
  A jackal zombie (D:4)
  8 kobolds
  A quokka skeleton (D:4)
  A rat (D:3)
104 creatures vanquished.

Vanquished Creatures (others)
  6 demonic plants (D:2)
  9 fungi (D:2)
  3 plants
  3 withered plants
21 creatures vanquished.

Grand Total: 125 creatures vanquished

Notes
Turn   | Place    | Note
-------+----------+-------------------------------------------
     0 | D:1      | rageheart7 the Ogre Gladiator began the quest for the Orb.
     0 | D:1      | Reached XP level 1. HP: 22/22 MP: 1/1
    59 | D:1      | Reached skill level 3 in Fighting
    62 | D:1      | Reached XP level 2. HP: 20/31 MP: 2/2
   768 | D:1      | Reached XP level 3. HP: 30/39 MP: 3/3
  1280 | D:2      | Reached skill level 4 in Fighting
  1528 | D:2      | Reached XP level 4. HP: 49/49 MP: 4/4
  1638 | D:2      | Found a faded altar of an unknown god.
  2184 | D:3      | Found a shimmering blue altar of Sif Muna.
  2529 | D:3      | Noticed Terence
  2546 | D:3      | Killed Terence
  2547 | D:3      | Reached skill level 5 in Fighting
  2731 | D:3      | Noticed a kobold brigand
  2731 | D:3      | Noticed leviel's ghost (amateur MiFi)
  2732 | D:3      | Found a runed translucent gate.
  2732 | D:3      | Found a runed translucent gate.
  2732 | D:3      | Found a runed translucent gate.
  2750 | D:3      | Found a sparkling altar of Nemelex Xobeh.
  2773 | D:3      | Found a broken altar of Ashenzari.
  2818 | D:3      | Reached XP level 5. HP: 35/57 MP: 3/5
  3653 | D:4      | Noticed a phantom
  3793 | D:4      | Reached skill level 6 in Fighting
  3793 | D:4      | Reached XP level 6. HP: 53/67 MP: 4/6
  4172 | D:4      | Noticed a water moccasin
  4186 | D:4      | Killed a water moccasin
  4187 | D:4      | Reached skill level 7 in Fighting
  4187 | D:4      | Reached skill level 5 in Maces & Flails
  4187 | D:4      | Reached XP level 7. HP: 78/78 MP: 7/7
  5708 | D:4      | Found a white marble altar of Elyvilon.
  5821 | D:4      | Reached skill level 8 in Fighting
  6218 | D:4      | Identified the ring "Cepp" {rPois rC- rCorr Int+6 Dex-4}
  6411 | D:5      | Entered Level 5 of the Dungeon
  6468 | D:5      | Reached XP level 8. HP: 86/89 MP: 8/8
  6493 | D:5      | Noticed Eustachio
  6560 | D:5      | Killed Eustachio
  6561 | D:5      | Reached skill level 9 in Fighting
  6989 | D:5      | Learned a level 2 spell: Blink
  6993 | D:5      | Learned a level 3 spell: Portal Projectile
  7234 | D:5      | Noticed Sigmund
  7244 | D:5      | Killed Sigmund
  7497 | D:5      | Found a hazy altar of Hepliaklqana.
  7756 | D:6      | HP: 4/93 [gnoll/+0 club (7)]
  7772 | D:6      | Noticed a troll
  7788 | D:6      | HP: 1/93 [troll (11)]
  7788 | D:6      | Mangled by a troll

Illustrated notes

Levels and vault maps discovered:
D:1:      tarquinn_simple_flora_water_e, layout_basic
D:2:      layout_loops_ring, shapermc_ecumenical_altar_gd
D:3:      layout_loops_ring, lemuel_doored_altar, amcnicky_altar_gilded,
          nicolae_overflow_crystal_walls, gammafunk_ghost_nasty_kobolds,
          minmay_puff, uniq_terence
D:4:      layout_loops_ring, nicolae_elyvilon_temple_path, serial_undead,
          serial_undead_a, serial_undead_e, serial_undead_d, serial_undead_d,
          minmay_vboxes
D:5:      layout_loops_corners, kennysheep_little_box, uniq_eustachio,
          uniq_sigmund
D:6:      layout_loops_ring, grunt_gozag_statues, minmay_temple_entry_slanted,
          portal_sewer_entry_d, kb_rosetta

Skill      XL: |  1  2  3  4  5  6  7  8 |
---------------+-------------------------+-----
Fighting       | 3 4 5 6 7 8 9 |  9.7
Maces & Flails | 3 4 5 6 7 |  7.1
Throwing       | |  2.0
Dodging        | |  2.6

Action                   |  1- 3 |  4- 6 |  7- 9 || total
-------------------------+-------+-------+-------++-------
Melee: Flail             |   134 |   180 |   174 ||   488
       Scythe            |       |       |    10 ||    10
Throw: Throwing net      |       |     1 |       ||     1
  Use: Scroll            |     3 |     5 |     3 ||    11
       Potion            |       |     5 |     7 ||    12
Armor: Robe              |    54 |    48 |    96 ||   198
       Skin              |       |    14 |       ||    14
Dodge: Dodged            |    93 |   107 |   163 ||   363

Table legend: (Time is in decaauts)
 A = Elapsed time spent in this place.
 B = Non-inter-level travel time spent in this place.
 C = Inter-level travel time spent in this place.
 D = Time resting spent in this place.
 E = Time spent auto-exploring this place.
 F = Levels seen in this place.
 G = Mean time per level.
                   A        B        C        D        E       F      G
               +--------+--------+--------+--------+--------+-----+--------+
         Total |   7848 |   7459 |    389 |    267 |   6103 |   6 | 1308.0 |
       Dungeon |   7848 |   7459 |    389 |    267 |   6103 |   6 | 1308.0 |
               +--------+--------+--------+--------+--------+-----+--------+

Top non-repeatable levels by time:
     D:4: 2326 daAuts
     D:3: 1940 daAuts
     D:5: 1279 daAuts
     D:1: 1245 daAuts
     D:2: 974 daAuts
     D:6: 81 daAuts
